AoeStats
← bindella

Arena

505490378Analyzed
3v3 RM · 21d ago on Sep 9, 2026· 50m 59s· 6 players
Game mode
Random Map
Map size
Normal (6 player)
Population
200
Speed
Normal
Resources
Standard
Victory
Conquest
Starting age
Dark Age
Ending age
Imperial Age
RankedLock teamsTeams togetherTeam positionsShared explorationLock speedFull tech treeHidden civsTurbo modeCheats
Victory
Defeat
🇬🇧 Burgundians · United Kingdom
1218
+14
🇧🇷 Japanese · Brazil
1183
+15
🇬🇧 Turks · United Kingdom
1169
+16
🇮🇹 Burmese · Italy
1216
-17
🇮🇳 Koreans · India
1142
-14
1140
-14
Wololo
11:13 Loom
13:39 Feudal Age
17:44 Castle Age
15:55 Double-Bit Axe
22:27 Imperial Age
20:53 Gold Mining
35:54 Horse Collar
38:10 Heavy Plow
42:35 Scale Barding Armor
42:40 Forging
43:45 Bloodlines
43:35 Husbandry
DreamWolf
4:51 Double-Bit Axe
11:13 Feudal Age
15:34 Castle Age
13:53 Horse Collar
14:28 Bow Saw
15:12 Heavy Plow
15:44 Light Cavalry
21:20 Two-Man Saw
23:00 Wheelbarrow
24:03 Crop Rotation
29:35 Imperial Age
27:11 Husbandry
26:37 Cavalier
28:13 Scale Barding Armor
28:21 Forging
30:20 Chain Barding Armor
30:56 Loom
31:27 Hand Cart
30:58 Town Watch
32:19 Plate Barding Armor
34:07 Iron Casting
35:27 Guilds
34:38 Paladin
36:30 Gold Mining
36:31 Stone Mining
38:58 Squires
38:44 Arson
39:10 Pikeman
40:01 Halberdier
42:48 Burgundian Vineyards
43:04 Conscription
46:07 Blast Furnace
45:08 Scale Mail Armor
49:40 Gold Shaft Mining
49:40 Stone Shaft Mining
49:03 Murder Holes
rafaelpereira2007
3:57 Loom
11:21 Feudal Age
12:39 Wheelbarrow
11:52 Double-Bit Axe
13:12 Horse Collar
19:26 Fletching
21:39 Castle Age
20:25 Stone Mining
20:33 Gold Mining
22:23 Town Watch
23:47 Bodkin Arrow
24:06 Guard Tower
24:47 Bow Saw
25:41 Yasama
31:22 Imperial Age
28:47 Crossbowman
30:45 Squires
30:30 Gambesons
31:41 Scale Mail Armor
33:44 Forging
33:24 Arson
34:31 Chain Mail Armor
37:14 Chemistry
36:02 Arrowslits
38:46 Iron Casting
38:12 Bracer
39:11 Padded Archer Armor
39:40 Ballistics
40:15 Thumb Ring
42:19 Blast Furnace
41:18 Elite Skirmisher
43:11 Leather Archer Armor
44:40 Ring Archer Armor
45:18 Herbal Medicine
46:24 Plate Mail Armor
47:07 Kataparuto
48:05 Two-Man Saw
49:19 Hand Cart
49:37 Town Patrol
50:08 Masonry
49:48 Arbalester
52:07 Keep
51:29 Murder Holes
51:16 Treadmill Crane
bindella
7:15 Loom
10:07 Feudal Age
12:00 Town Watch
15:05 Castle Age
13:14 Horse Collar
22:31 Wheelbarrow
22:55 Stone Mining
23:06 Gold Mining
27:16 Imperial Age
25:56 Heavy Plow
26:43 Murder Holes
26:52 Fletching
29:08 Chemistry
30:17 Scale Mail Armor
30:27 Forging
31:07 Conscription
30:58 Man-at-Arms
31:23 Gambesons
31:39 Squires
31:24 Arson
31:56 Chain Mail Armor
31:31 Long Swordsman
33:01 Iron Casting
31:55 Pikeman
33:25 Plate Mail Armor
33:02 Halberdier
33:20 Two-Handed Swordsman
35:12 Ballistics
40:34 Blast Furnace
40:01 Champion
41:27 Gold Shaft Mining
43:47 Hand Cart
46:00 Bodkin Arrow
46:05 Padded Archer Armor
49:08 Bracer
哆啦种田大魔怪iiiiiiiiiii
10:07 Feudal Age
17:05 Castle Age
24:25 Double-Bit Axe
24:28 Horse Collar
25:04 Forging
24:59 Scale Barding Armor
25:32 Husbandry
25:42 Bloodlines
25:53 Gold Mining
25:54 Stone Mining
35:05 Iron Casting
34:51 Chain Barding Armor
41:05 Imperial Age
42:22 Plate Barding Armor
42:48 Blast Furnace
41:12 Elite Steppe Lancer
41:33 Heavy Rocket Cart
War Hero
11:02 Feudal Age
15:26 Castle Age
14:38 Double-Bit Axe
14:35 Horse Collar
17:02 Loom
18:14 Bow Saw
22:47 Wheelbarrow
22:55 Heavy Plow
23:06 Fletching
22:55 Elite Skirmisher
24:26 Bodkin Arrow
25:54 Husbandry
27:02 Thumb Ring
30:47 Town Watch
34:17 Imperial Age
36:09 Chemistry
36:03 Bracer
39:26 Hand Cart
40:50 Scale Mail Armor
41:01 Forging
41:31 Gambesons
41:32 Arson
44:30 Ballistics
45:30 Forging
45:16 Gold Mining
48:01 Iron Casting
47:41 Chain Mail Armor
49:02 Chain Mail Armor
51:10 Plate Mail Armor
Connection lost

Rejoining the realm…

Still unreachable

The connection could not be restored.

Session expired

The server has moved on; the page needs a fresh start.